 Dungeon Crawl Stone Soup version 0.29.0-4-gdea44cf6ec (webtiles) character file.

Game seed: 17960967826987159040

99 qw the Ruffian (level 4, 0/36 HPs)
             Began as a Ghoul Fire Elementalist on Aug 29, 2022.
             Slain by an ufetubus (2 damage)
             ... on level 4 of the Dungeon.
             The game lasted 00:02:23 (2123 turns).

qw the Ruffian (Ghoul Fire Elementalist)            Turns: 2123, Time: 00:02:23

Health: 0/36       AC: 11    Str: 13    XL:     4   Next: 72%
Magic:  5/5        EV: -1    Int: 10    God:
Gold:   161        SH:  4    Dex:  9    Spells: 5/6 levels left

rFire   . . .      SeeInvis .     - Unarmed
rCold   + . .      Faith    .   n - +2 buckler
rNeg    + + +      Spirit   .   i - +0 plate armour
rPois   inf        Reflect  .   (no helmet)
rElec   .          Harm     .   (no cloak)
rCorr   .          Rampage  .   (no gloves)
Will    .....                   h - +0 pair of boots {Fly}
Stlth   ..........              (no amulet)
HPRegen 0.00/turn               (no ring)
MPRegen 0.09/turn               (no ring)

@: flying, inhibited regen, constricted
A: claws 1, cold resistance 1, negative energy resistance 3, inhibited
regeneration, torment resistance 2, devour on kill
a: no special abilities


You were on level 4 of the Dungeon.
You visited 1 branch of the dungeon, and saw 4 of its levels.

You collected 161 gold pieces.


Innate Abilities, Weirdness & Mutations

You are immune to poison.
You have sharp fingernails.
Your flesh is cold resistant. (rC+)
You are immune to negative energy. (rN+++)
You do not regenerate when monsters are visible.
You are immune to unholy pain and torment.
You thrive by killing the living.


   Skills:
 - Level 1.9 Fighting
 + Level 0.0 Armour
 - Level 1.7 Dodging
 - Level 2.1 Stealth
 - Level 4.0 Unarmed Combat
 - Level 1.7 Spellcasting
 - Level 0.7 Conjurations
 - Level 2.4 Fire Magic


You had 5 spell levels left.
You knew the following spells:

 Your Spells              Type           Power      Damage    Failure   Level
a - Foxfire               Conj/Fire      16%        2x1d4     100%        1

Your spell library contained the following spells:

 Spells                   Type           Power      Damage    Failure   Level
 Scorch                   Fire           10%        2d5       100%        2
 Conjure Flame            Conj/Fire      4%         6-21      100%        3
 Inner Flame              Hex/Fire       3%         N/A       100%        3
 Flame Wave               Conj/Fire      4%         2d5       100%        4

Inventory:

Missiles
 j - a boomerang
 l - 4 javelins (quivered)
Armour
 h - a +0 pair of boots of flying (worn)
 i - a +0 plate armour (worn)
 n - a +2 buckler (worn)
Scrolls
 g - a scroll of identify
Potions
 a - a potion of ambrosia {unknown}
 b - a potion of heal wounds {unknown}
 e - a potion of attraction {unknown}
 f - a potion of flight {unknown}
 k - a potion of haste

Dungeon Overview and Level Annotations

Branches:
Dungeon (4/15)
 Temple: D:4-7

Altars:

Annotations:
D:4 Ijyb


Message History

An adder comes into view.
The adder hisses angrily.
You claw the adder!
The adder is severely wounded.
The adder bites you but does no damage. You block the adder's attack.
You barely miss the adder.
The adder is severely wounded.
You block the ufetubus's attack.
The ufetubus hits you but does no damage.
The ufetubus barely misses you.
The ufetubus hits you but does no damage.
You closely miss the adder.
The adder is severely wounded.
The adder bites you but does no damage.
The ufetubus hits you but does no damage. x2
You barely miss the adder.
The adder is severely wounded.
The ufetubus hits you but does no damage. x2
The ball python bites you but does no damage.
The ball python grabs you. The ball python constricts you.
The adder bites you but does no damage.
You closely miss the ball python.
The ufetubus hits you but does no damage.
The ufetubus hits you.
The ball python bites you but does no damage.
The ball python constricts you. The adder bites you but does no damage.
The goblin hits you but does no damage.
The ufetubus hits you but does no damage.
You block the ufetubus's attack. The adder bites you but does no damage.
The ball python bites you but does no damage.
The ball python constricts you.
You barely miss the ball python.
You block the ufetubus's attack. x2; The adder bites you but does no damage.
The goblin hits you but does no damage. The adder bites you.
The ball python bites you but does no damage.
The ball python constricts you.
You closely miss the ball python.
The ufetubus hits you but does no damage.
The ufetubus hits you.
You die...

.... .. .... ..
. ... .. .. #
#.. .###...
###.#.. .......
....... ......#
.......#.......
......S@g......
#.....S5S..##..
#..............
##.<...........
#..............
...........##..
....)...¤¤¤. .
.##....}¤¤P(#


You could see 2 adders, an ufetubus, a goblin and a ball python.

Vanquished Creatures
  3 adders
  3 worms
  2 orcs (D:3)
  5 ball pythons
  5 bats
  6 endoplasms
  2 giant cockroaches (D:1)
  8 goblins
  8 hobgoblins
  2 jackals (D:2)
  3 quokkas
  3 frilled lizards
  4 kobolds
  2 rats
56 creatures vanquished.

Notes
Turn   | Place    | Note
-------+----------+-------------------------------------------
     0 | D:1      | qw the Ghoul Fire Elementalist began the quest for the Orb.
     0 | D:1      | Reached XP level 1. HP: 14/14 MP: 2/2
     0 | D:1      | 0 ||| qw: Version: 0.1-a-90-g952f4b7
     0 | D:1      | 0 ||| qw: Game counter: 3871
     0 | D:1      | 0 ||| qw: Always use a shield: true
     0 | D:1      | 0 ||| qw: God list: Okawaru
     0 | D:1      | 0 ||| qw: Allow faded altars: false
     0 | D:1      | 0 ||| qw: Do Orc after D:15 true
     0 | D:1      | 0 ||| qw: Do second Lair branch before Depths: true
     0 | D:1      | 0 ||| qw: Lair rune preference: random
     0 | D:1      | 0 ||| qw: Plans: Normal
     0 | D:1      | 0 ||| PLANNING D:1-11
    83 | D:1      | Reached skill level 1 in Unarmed Combat
   219 | D:1      | Reached XP level 2. HP: 20/22 MP: 3/3
   224 | D:1      | Reached skill level 1 in Fighting
   251 | D:1      | 251 ||| Stepping ~*~*~tactically~*~*~ (stealth).
   255 | D:1      | 255 ||| Stepping ~*~*~tactically~*~*~ (stealth).
   256 | D:1      | 256 ||| Stepping ~*~*~tactically~*~*~ (stealth).
   302 | D:1      | 302 ||| Stepping ~*~*~tactically~*~*~ (stealth).
   306 | D:1      | 306 ||| Stepping ~*~*~tactically~*~*~ (stealth).
   307 | D:1      | 307 ||| Stepping ~*~*~tactically~*~*~ (stealth).
   400 | D:1      | 400 ||| Stepping ~*~*~tactically~*~*~ (stealth).
   402 | D:1      | 402 ||| Stepping ~*~*~tactically~*~*~ (stealth).
   406 | D:1      | Reached skill level 2 in Unarmed Combat
   413 | D:1      | Found a faded altar of an unknown god.
   564 | D:1      | Reached XP level 3. HP: 26/28 MP: 4/4
   763 | D:1      | 763 ||| UPGRADING to +0 ring mail.
   773 | D:1      | 773 ||| DROPPING +0 robe.
   774 | D:1      | 774 ||| READING scroll labelled RUTHRAQ USABONU.
   875 | D:1      | 875 ||| READING scroll labelled ONIWIM PYESOPT.
   876 | D:1      | 876 ||| READING 3 scrolls labelled YFYCLIPULO.
   877 | D:1      | 877 ||| READING scroll labelled GIXZAT PETATINUT.
   880 | D:1      | 880 ||| READING scroll labelled HACAZU YXKOF.
   881 | D:1      | 881 ||| READING scroll labelled JOSAITI MOM.
   881 | D:1      | Identified a scroll of acquirement
   881 | D:1      | 881 ||| ACQUIRING +0 pair of boots of the Past {+Blink
                  | rElec Dex-5}
   881 | D:1      | Acquired the +0 pair of boots of the Past {+Blink rElec
                  | Dex-5}
   883 | D:1      | 883 ||| READING 3 scrolls labelled INUMUQ DELUKHLA.
   884 | D:1      | 884 ||| READING 2 scrolls of identify.
   884 | D:1      | 884 ||| IDENTIFYING ruby potion
   885 | D:1      | 885 ||| DROPPING potion of magic.
   886 | D:1      | 886 ||| DROPPING 2 scrolls of magic mapping.
  1079 | D:2      | Reached skill level 3 in Unarmed Combat
  1486 | D:2      | 1486 ||| DROPPING +0 pair of boots of the Past {+Blink
                  | rElec Dex-5}.
  1487 | D:2      | 1487 ||| UPGRADING to +0 pair of boots of flying.
  1492 | D:2      | 1492 ||| READING scroll labelled EGHUSI LOBUMN.
  1531 | D:3      | Reached XP level 4. HP: 35/35 MP: 5/5
  1587 | D:3      | Reached skill level 4 in Unarmed Combat
  1605 | D:3      | Identified the +10 war axe "Cikyix" {venom, *Slow rN++
                  | Stlth+}
  1707 | D:3      | 1707 ||| Stepping ~*~*~tactically~*~*~ (stealth).
  1709 | D:3      | 1709 ||| Stepping ~*~*~tactically~*~*~ (stealth).
  1902 | D:3      | Identified the +4 trident "Bomounu" {holy, rC+ Str+2}
  2044 | D:3      | 2044 ||| UPGRADING to +0 plate armour.
  2054 | D:3      | 2054 ||| DROPPING +0 ring mail.
  2055 | D:3      | 2055 ||| UPGRADING to +2 buckler.
  2060 | D:3      | 2060 ||| READING scroll labelled MOMUQA HODGH.
  2061 | D:3      | 2061 ||| READING scroll labelled YTIMOA OLUORA ZEJ.
  2075 | D:4      | Noticed Ijyb
  2077 | D:4      | 2077 ||| Stepping ~*~*~tactically~*~*~ (outnumbered).
  2078 | D:4      | 2078 ||| Stepping ~*~*~tactically~*~*~ (outnumbered).
  2079 | D:4      | 2079 ||| Stepping ~*~*~tactically~*~*~ (outnumbered).
  2080 | D:4      | 2080 ||| Stepping ~*~*~tactically~*~*~ (outnumbered).
  2081 | D:4      | 2081 ||| Stepping ~*~*~tactically~*~*~ (outnumbered).
  2087 | D:4      | 2087 ||| Stepping ~*~*~tactically~*~*~ (outnumbered).
  2096 | D:4      | Paralysed by Ijyb for 3 turns
  2106 | D:4      | Paralysed by Ijyb for 2 turns
  2110 | D:4      | HP: 8/36 [goblin/+0 dagger (2)]
  2111 | D:4      | 2111 ||| READING scroll of teleportation.
  2121 | D:4      | HP: 5/36 [ufetubus (1)]
  2122 | D:4      | HP: 2/36 [constriction (1)]
  2123 | D:4      | Slain by an ufetubus

Levels and vault maps discovered:
D:1:      scummos_arrival_gate, layout_rooms, basic_ecumenical_altar,
          minmay_misc_feat_iff
D:2:      layout_rooms
D:3:      minmay_angry_zag, layout_basic, hex_medium
D:4:      layout_cave_pools, serial_demonic, serial_demonic_e, serial_demonic_e,
          serial_demonic_f, serial_demonic_c, uniq_ijyb

Skill      XL: |  1  2  3  4 |
---------------+-------------+-----
Unarmed Combat | 1 2 3 4 |  4.0
Fighting       | 1 |  1.9
Dodging        | |  1.7
Stealth        | |  2.1
Spellcasting   | |  1.7
Conjurations   | |  0.7
Fire Magic     | |  2.4

Action                   |  1- 3 |  4- 6 || total
-------------------------+-------+-------++-------
Melee: Unarmed           |   114 |    58 ||   172
       Punch             |     1 |     1 ||     2
Throw: Javelin           |    22 |    25 ||    47
  Use: Scroll            |     9 |     3 ||    12
Armor: Robe              |     3 |       ||     3
       Ring mail         |     9 |     5 ||    14
       Plate armour      |       |    48 ||    48
Dodge: Dodged            |    48 |    17 ||    65
Block: Buckler           |       |    11 ||    11

Table legend:
 A = Non-vault XP
 B = Vault XP
 C = Vault XP percentage of total XP
 D = Non-vault monster count
 E = Vault monster count
 F = Vault count percentage of total count
                 A         B        C        D         E       F
            +---------+---------+-------+---------+---------+-------
      Total |     135 |       7 |   4.9 |      52 |       4 |   7.1
            +---------+---------+-------+---------+---------+-------
        D:1 |      36 |       0 |   0.0 |      22 |       0 |   0.0
        D:2 |      44 |       0 |   0.0 |      14 |       0 |   0.0
        D:3 |      53 |       7 |  11.7 |      15 |       4 |  21.1
        D:4 |       2 |       0 |   0.0 |       1 |       0 |   0.0
            +---------+---------+-------+---------+---------+-------
